Map: Jagannatha LE

Players

Serral

  • Race: Zerg Zerg
  • League: Master
  • Spawn Location: 1:00

Reynor - Winner!

  • Race: Zerg Zerg
  • League: Master
  • Spawn Location: 7:00

Event: DreamHack SC2 Masters 2020 Winter

VOD

Have the link to the VOD?

Description

Time

  • Played on: Nov. 7, 2020, 1 p.m.
  • Length: 9:35

All games in this series

Show
View Real Time Build Order
Export as new Build Order

Serral Zerg 

Build Orders: Hatch First 

Get SALT Encoding   

  12  0:00  Drone  
  13  0:12  Overlord  
  13  0:17  Drone  
  14  0:30  Drone  
  14  0:31  Drone  
  16  0:48  Hatchery  
  15  0:51  Drone  
  15  0:55  Drone  
  17  0:58  Drone  
  18  1:09  Extractor  
  17  1:14  Spawning Pool  
  17  1:17  Drone  
  17  1:20  Drone  
  18  1:28  Drone  
  19  1:38  Drone  
  20  1:49  Drone  
  21  1:59  Overlord  
  21  2:00  Queen x2  
  26  2:01  Zergling x2  
  26  2:09  Metabolic Boost  
  26  2:14  Drone x2  
  28  2:22  Drone x2  
  30  2:33  Drone, Baneling Nest  
  30  2:34  Drone  
  31  2:46  Hatchery  
  31  2:50  Zergling x2  
  31  2:53  Overlord  
  31  2:56  Drone  
  32  2:59  Drone  
  33  3:06  Evolution Chamber  
  33  3:09  Evolution Chamber  
  33  3:10  Zergling x2  
  33  3:11  Zergling x2  
  32  3:15  Evolution Chamber  
  32  3:18  Baneling, Zergling x4  
  32  3:19  Baneling  
  34  3:25  Zergling x4  
  36  3:29  Drone x3  
  41  3:35  Evolution Chamber  
  41  3:37  Drone  
  41  3:38  Drone  
  42  3:44  Overlord  
  42  3:48  Hatchery, Zergling x4  
  43  3:55  Overlord  
  43  4:01  Zerg Ground Armor Level 1  
  43  4:09  Zergling x2  
  45  4:10  Zergling x4  
  45  4:11  Hatchery  
  45  4:14  Zergling x8  
  48  4:23  Drone x3  
  51  4:27  Drone x3  
  54  4:33  Evolution Chamber, Baneling x2  
  54  4:38  Zergling x4  
  51  4:42  Queen  
  53  4:46  Queen  
  53  4:51  Drone  
  56  4:52  Overlord  
  56  4:56  Overlord  
  56  5:00  Zerg Melee Weapons Level 1  
  56  5:04  Drone x2  
  56  5:06  Drone  
  55  5:15  Zergling x6  
  55  5:16  Drone  
  55  5:20  Queen  
  61  5:22  Queen  
  61  5:25  Queen  
  65  5:28  Drone  
  65  5:30  Drone  
  65  5:31  Drone  
  65  5:34  Drone x2  
  70  5:40  Drone  
  68  5:43  Zergling x6  
  68  5:46  Spore Crawler x2  
  68  5:47  Spore Crawler  
  68  5:49  Drone  
  69  5:50  Drone  
  70  5:58  Lair, Drone x2  
  70  6:03  Drone x4  
  75  6:08  Baneling x2  
  75  6:11  Queen x2  
  75  6:17  Overlord  
  79  6:19  Extractor x2, Zergling x4  
  79  6:25  Drone x2  
  81  6:29  Spore Crawler  
  81  6:32  Overlord  
  80  6:35  Overlord  
  80  6:36  Spore Crawler  
  80  6:38  Drone x2  
  81  6:41  Drone  
  81  6:43  Overlord  
  81  6:45  Overlord  
  82  6:52  Drone x3  
  82  6:53  Queen x2  
  85  7:01  Drone x2  
  85  7:03  Infestation Pit  
  85  7:04  Drone x2  
  85  7:08  Drone x4, Extractor  
  89  7:09  Extractor  
  89  7:13  Zerg Ground Armor Level 2, Extractor  
  86  7:16  Drone  
  86  7:17  Drone x4  
  86  7:18  Overseer  
  91  7:29  Queen x2  
  95  7:30  Overlord  
  95  7:31  Overseer  
  95  7:32  Overlord  
  95  7:36  Spore Crawler  
  94  7:38  Drone x3  
  94  7:39  Spore Crawler  
  94  7:40  Drone  
  97  7:44  Hive  
  96  7:51  Zergling x12  
  96  7:56  Zergling x8  
  106  8:00  Overlord  
  106  8:02  Drone x2  
  108  8:07  Nydus Network  
  108  8:08  Zergling x6  
  110  8:13  Overlord  
  110  8:16  Queen  
  110  8:17  Queen  
  110  8:18  Drone  
  115  8:21  Overlord  
  115  8:22  Overseer  
  115  8:26  Zergling x8  
  119  8:32  Baneling x2  
  119  8:36  Zergling x16  
  124  8:48  Nydus Canal  
  124  8:52  Zergling x10, Swarm Host  
  107  9:06  Nydus Canal  
  107  9:10  Zergling x10  
  107  9:12  Zergling x2  
  107  9:13  Zergling x4  
  107  9:15  Zergling x4  
  107  9:22  Nydus Canal  
Show
View Real Time Build Order
Export as new Build Order

Reynor Zerg - Winner!

Build Orders: Pool First, Muta Ling Bane 

Get SALT Encoding   

  12  0:02  Drone  
  13  0:12  Overlord  
  13  0:17  Drone  
  14  0:30  Drone x2  
  14  0:34  Drone  
  17  0:46  Extractor  
  17  0:47  Drone  
  17  0:50  Spawning Pool  
  17  0:56  Drone  
  17  1:06  Drone  
  18  1:20  Hatchery  
  18  1:24  Drone  
  18  1:37  Queen  
  18  1:38  Zergling x2  
  21  1:44  Overlord  
  21  1:51  Metabolic Boost  
  21  1:56  Drone  
  22  2:03  Drone  
  23  2:11  Drone  
  23  2:12  Queen  
  26  2:25  Drone  
  27  2:31  Queen  
  27  2:32  Zergling x4  
  31  2:42  Zergling x2  
  31  2:43  Zergling x2  
  33  2:44  Drone x2  
  33  2:47  Overlord  
  35  2:55  Lair  
  35  2:57  Zergling x2  
  37  3:05  Drone  
  37  3:06  Drone x2  
  37  3:11  Extractor  
  38  3:15  Drone  
  38  3:16  Drone x2  
  38  3:18  Drone  
  43  3:20  Drone  
  43  3:27  Drone  
  43  3:28  Baneling Nest  
  43  3:33  Overlord  
  43  3:35  Drone  
  44  3:52  Drone x5, Extractor  
  44  3:53  Drone x2  
  50  4:01  Spire  
  50  4:02  Drone  
  50  4:04  Drone  
  50  4:08  Drone  
  50  4:09  Extractor  
  50  4:10  Drone  
  50  4:12  Baneling  
  51  4:17  Overlord  
  51  4:30  Baneling  
  51  4:36  Hatchery  
  51  4:38  Drone x3  
  53  4:39  Drone x3  
  53  4:41  Drone x2  
  58  4:46  Overlord  
  58  4:49  Baneling x2  
  58  4:51  Baneling  
  58  5:03  Zergling x4  
  58  5:04  Overlord  
  58  5:06  Queen  
  61  5:17  Mutalisk x3  
  61  5:20  Overlord  
  67  5:22  Mutalisk x2  
  67  5:23  Mutalisk  
  67  5:26  Mutalisk  
  75  5:34  Overlord  
  75  5:38  Drone  
  75  5:39  Mutalisk  
  75  5:40  Drone x2  
  80  5:43  Drone  
  80  5:44  Drone, Extractor  
  80  5:45  Extractor  
  80  5:46  Drone  
  80  5:48  Zerg Flyer Weapons Level 1  
  81  5:52  Drone x2  
  82  5:58  Mutalisk, Overlord  
  82  6:00  Drone  
  82  6:03  Drone x2  
  87  6:06  Mutalisk  
  87  6:08  Drone  
  87  6:09  Overlord  
  90  6:18  Drone  
  91  6:22  Zergling x6  
  91  6:23  Evolution Chamber  
  91  6:24  Mutalisk x2  
  97  6:26  Baneling x2  
  97  6:29  Drone x3  
  100  6:32  Mutalisk  
  100  6:38  Mutalisk  
  106  6:40  Drone x3  
  106  6:43  Overlord  
  106  6:44  Drone  
  108  6:50  Mutalisk x2  
  112  6:58  Drone x2  
  113  7:05  Drone  
  114  7:09  Centrifical Hooks  
  114  7:12  Drone  
  114  7:13  Hydralisk Den  
  114  7:14  Hatchery, Zergling x8  
  117  7:17  Evolution Chamber, Overlord  
  117  7:22  Drone x3  
  119  7:24  Baneling x2  
  119  7:26  Overlord  
  119  7:29  Drone  
  120  7:34  Overlord  
  120  7:36  Zerg Melee Weapons Level 1  
  120  7:40  Drone x9  
  129  7:48  Infestation Pit  
  128  7:52  Baneling x17  
  128  7:58  Zergling x10  
  133  8:04  Zergling x12  
  139  8:09  Overseer  
  139  8:11  Drone x3  
  142  8:14  Overlord  
  142  8:17  Hydralisk  
  144  8:20  Overlord  
  144  8:27  Lurker Den, Hydralisk x2  
  144  8:28  Zergling x4  
  144  8:31  Overlord  
  149  8:38  Drone x3  
  149  8:39  Hydralisk  
  149  8:40  Extractor, Hydralisk x2  
  156  8:41  Extractor  
  156  8:43  Overlord  
  154  8:55  Hydralisk  
  148  8:56  Zergling x20  
  148  9:02  Overlord  
  160  9:07  Hydralisk x2  
  160  9:08  Zergling x8  
  160  9:09  Overlord  
  168  9:10  Zergling x4  
  168  9:11  Zergling x2  
  168  9:15  Zergling x2  
  168  9:16  Zergling x6  
  172  9:30  Lurker  
Tags
 
Add a new tag
Caveats
  • Supply blocks, unpowered buildings, or Contaminate may cause inaccurate times.
  • Supply counts are checked every 10 seconds.